 Dungeon Crawl Stone Soup version 0.17-a0-968-gf8e1f1d (webtiles) character file.

9639 Hanyuu the Martial Artist (level 11, -2/70 HPs)
             Began as an Octopode Transmuter on May 7, 2015.
             Was an Elder of Makhleb.
             Slain by an unseen horror (8 damage)
             ... on level 11 of the Dungeon on May 9, 2015.
             The game lasted 01:13:33 (18119 turns).

Hanyuu the Martial Artist (Octopode Transmuter)    Turns: 18119, Time: 01:13:33

Health: -2/70      AC:  1    Str:  9    XL:     11   Next: 49%
Magic:  18/18      EV: 10    Int: 20    God:    Makhleb [****..]
Gold:   531        SH:  0    Dex: 15    Spells: 7 memorised, 2 levels left

rFire  . . .     SeeInvis .       - Unarmed
rCold  + . .     Clarity  .     (shield currently unavailable)
rNeg   . . .     SustAb   .     (helmet restricted)
rPois  +         Gourm    .     o - amulet of resist mutation
rElec  .         Spirit   .     x - +3 ring of intelligence
rCorr  .         Warding  .     n - ring of poison resistance
rMut   +         Stasis   .     S - ring of stealth
MR     .....                    C - ring of protection from cold
Stlth  +++.......               (no ring)
                                (no ring)
                                (no ring)
                                (no ring)

@: blade tentacles (expiring), not resistant to hostile enchantments, fairly
stealthy
A: almost no armour, amphibious, 8 rings, constrict 8, camouflage 1, gelatinous
body 1
a: End Transformation, Minor Destruction, Lesser Servant of Makhleb, Major
Destruction, Renounce Religion


You were on level 11 of the Dungeon.
You worshipped Makhleb.
Makhleb was greatly pleased with you.
You were not hungry.
You had blades for tentacles.
You visited 2 branches of the dungeon, and saw 12 of its levels.
You also visited: Sewer.

You collected 583 gold pieces.
You spent 52 gold pieces at shops.

Inventory:

Hand weapons
 a - a +0 blowgun
 K - a +3 dagger of electrocution
Missiles
 d - 22 poisoned needles
 j - 153 arrows
 t - a throwing net (quivered)
 I - 3 silver tomahawks
 O - a tomahawk of returning
 Q - 24 tomahawks
Magical staves
 W - a cursed staff of power
Rods
 R - a +1 lightning rod (9/9)
   (You found it on level 7 of the Dungeon)
Jewellery
 n - a ring of poison resistance (right scythe-like blade)
 o - an amulet of resist mutation (around mantle)
 x - a +3 ring of intelligence (left scythe-like blade)
 C - a ring of protection from cold (on tentacle)
 S - a ring of stealth (on tentacle)
Magical devices
 u - a wand of fireball (7)
 w - a wand of slowing (10)
 F - a wand of slowing (23)
 N - a wand of fire (9)
 T - a wand of frost (14)
 U - a wand of paralysis (1)
 Y - a wand of frost (24)
Scrolls
 m - a scroll of amnesia
 y - a scroll of fog
 A - 3 scrolls of identify
 E - a scroll of fear
 G - a scroll of blinking
 H - 5 scrolls of teleportation
 L - 3 scrolls of recharging
 P - 2 scrolls of remove curse
Potions
 e - 2 potions of invisibility
 i - 2 potions of magic {unknown}
 k - a potion of resistance
 l - a potion of degeneration {unknown}
 q - 3 potions of might {unknown}
 v - 2 potions of haste
 z - a potion of cancellation {unknown}
 D - 5 potions of curing
 M - 2 potions of flight {unknown}
 X - a potion of poison {unknown}
Books
 b - a book of Changes

   Spells                             Type                      Level
   a - Beastly Appendage              Transmutation                1
   b - Sticks to Snakes               Transmutation                2
   c - Spider Form                    Transmutation/Poison         3
   d - Ice Form                       Ice/Transmutation            4
   e - Blade Hands                    Transmutation                5
 B - a book of Maledictions

   Spells                             Type                      Level
   a - Corona                         Hexes                        1
   b - Ensorcelled Hibernation        Hexes/Ice                    2
   c - Confuse                        Hexes                        3
   d - Tukima's Dance                 Hexes                        3
   e - Dazzling Spray                 Conjuration/Hexes            3
Comestibles
 c - 6 bread rations
 f - a slice of pizza
 g - 4 meat rations
 h - a chunk of flesh
 p - 4 beef jerkies
 r - 7 royal jellies


   Skills:
 + Level 4.6 Fighting
 - Level 1.1 Throwing
 - Level 6.0 Dodging
 * Level 13.4 Unarmed Combat
 - Level 5.1 Spellcasting
 + Level 7.0 Transmutations
 + Level 1.3 Invocations


You had 2 spell levels left.
You knew the following spells:

 Your Spells              Type           Power        Failure   Level  Hunger
a - Beastly Appendage     Trmt           ####..       14%         1    None
b - Sticks to Snakes      Trmt           ####......   14%         2    None
c - Spider Form           Trmt/Pois      ###.......   45%         3    ##.....
d - Corona                Hex            #......      54%         1    None
e - Ensorcelled Hibernat  Hex/Ice        #.....       63%         2    None
f - Ice Form              Ice/Trmt       ###.....     73%         4    ####...
g - Blade Hands           Trmt           ####......   63%         5    #####..


Dungeon Overview and Level Annotations

Branches:
Dungeon (11/15)            Temple (1/1) D:7            Lair (0/8) D:10
    Orc (0/4) D:9

Altars:
Ashenzari
Cheibriados
Dithmenos
Elyvilon
Fedhas
Gozag
Kikubaaqudgha
Makhleb
Nemelex Xobeh
Okawaru
Qazlal
Ru
Sif Muna
Trog
Vehumet
Xom
Yredelemnul
Zin
The Shining One

Shops:
D:6 }?(


Innate Abilities, Weirdness & Mutations

You cannot wear most types of armour.
You are amphibious.
You can wear up to eight rings at the same time.
You can use your tentacles to constrict eight enemies at once.
Your skin changes colour to match your surroundings (Stealth).
Your rubbery body absorbs attacks (AC +1).


Message History

Items here: )) [ † a spear; a scale mail; a club; a gnoll corpse Unknown command.
Something hits you.
* * * LOW HITPOINT WARNING * * *
Something hits you!
* * * LOW HITPOINT WARNING * * *
Something hits you.
* * * LOW HITPOINT WARNING * * *
There is a stone staircase leading up, spattered with blood here.
Drink which item? (? for menu, Esc to quit)
You feel much better. Something barely misses you. Something hits you.
You miss something. Something hits you!
* * * LOW HITPOINT WARNING * * *
Something hits you!
* * * LOW HITPOINT WARNING * * *
Something completely misses you.
There is a stone staircase leading up, spattered with blood here.
Something hits you!
You die...

#+#####
#..@.>#
#######)###
#....(....#
#.<....)..#
#...(..)..#
#.........#
#.........#
#.........#
#.........#


There were no monsters in sight!

Vanquished Creatures
  An unseen horror (D:9)
  3 hill giants (D:10)
  Pikel (D:7)
  Joseph (D:7)
  Psyche (D:9)
  A gargoyle (D:10)
  Duvessa (D:7)
  Prince Ribbit (D:9)
  Sigmund (D:2)
  A deep elf mage (D:10)
  A yak (D:10)
  A hungry ghost (D:9)
  A hippogriff (D:8)
  A deep elf fighter (D:10)
  A soldier ant (D:8)
  6 orc warriors
  4 sky beasts
  An ice beast (D:10)
  An eye of draining (D:9)
  2 black bears (D:9)
  A slave (D:7)
  5 ogres
  A wasp (D:8)
  A crocodile (D:10)
  4 centaurs
  6 giant frogs
  A big kobold (D:7)
  A gnoll sergeant (D:11)
  5 scorpions
  7 killer bees
  A centaur zombie (D:5)
  3 jellies
  A giant frog zombie (D:9)
  3 crimson imps
  6 orc priests
  6 hounds
  6 orc wizards
  A giant frog skeleton (D:9)
  A centaur skeleton (D:11)
  5 worker ants
  Terence (D:2)
  2 iguanas
  A killer bee zombie (D:9)
  3 hound skeletons
  Robin (D:3)
  20 adders
  7 gnolls
  6 river rats
  A shadow imp (D:9)
  An ooze (D:1)
  An adder zombie (D:9)
  4 worms
  52 orcs
  24 bats
  3 bat zombies
  9 giant cockroaches
  19 goblins
  13 hobgoblins
  21 jackals
  7 quokkas
  5 ball pythons
  A ball python skeleton (D:4)
  12 giant newts
  A giant spore (D:6)
  14 kobolds
  37 rats
  6 ballistomycetes (D:6)
368 creatures vanquished.

Vanquished Creatures (collateral kills)
  3 killer bees (D:8)
3 creatures vanquished.

Vanquished Creatures (others)
  A deep elf mage (D:10)
  3 slaves (D:7)
  Dowan (D:7)
  An orc (D:7)
  A rat (D:6)
  A butterfly (D:7)
8 creatures vanquished.

Grand Total: 379 creatures vanquished

Notes
Turn   | Place    | Note
--------------------------------------------------------------
     0 | D:1      | Hanyuu, the Octopode Transmuter, began the quest for the Orb.
     0 | D:1      | Reached XP level 1. HP: 13/13 MP: 3/3
   219 | D:1      | Reached XP level 2. HP: 12/18 MP: 5/5
   603 | D:1      | Learned a level 2 spell: Sticks to Snakes
   829 | D:1      | Reached skill level 4 in Unarmed Combat
  1165 | D:1      | Reached XP level 3. HP: 23/23 MP: 6/6
  1170 | D:1      | Learned a level 3 spell: Spider Form
  1546 | D:2      | Found a shattered altar of Ashenzari.
  1546 | D:2      | Found a deep blue altar of Sif Muna.
  1554 | D:2      | Noticed Terence
  1563 | D:2      | Killed Terence
  1563 | D:2      | Reached XP level 4. HP: 20/28 MP: 3/7
  2124 | D:2      | Reached skill level 5 in Unarmed Combat
  2631 | D:2      | Noticed Sigmund
  2640 | D:2      | Killed Sigmund
  2640 | D:2      | Reached skill level 6 in Unarmed Combat
  2640 | D:2      | Reached XP level 5. HP: 17/33 MP: 4/8
  2640 | D:2      | Reached XP level 6. HP: 19/38 MP: 4/9
  3442 | D:3      | Found a basalt altar of Yredelemnul.
  3707 | D:3      | You fall through a shaft for 2 floors!
  3707 | D:5      | Entered Level 5 of the Dungeon
  3756 | D:3      | Found a bloodstained altar of Trog.
  3881 | D:3      | Noticed Robin
  3889 | D:3      | Killed Robin
  4641 | D:3      | Found a snail-covered altar of Cheibriados.
  4711 | D:3      | HP: 1/38 [worm (4)]
  5339 | D:4      | Reached XP level 7. HP: 23/43 MP: 10/10
  5502 | D:4      | Found a sparkling altar of Nemelex Xobeh.
  6181 | D:4      | Found a white marble altar of Elyvilon.
  6215 | D:4      | Reached skill level 7 in Unarmed Combat
  6475 | D:5      | Found a sacrificial altar of Ru.
  6484 | D:5      | Learned a level 1 spell: Corona
  6867 | D:5      | Reached XP level 8. HP: 41/50 MP: 9/12
  7349 | D:6      | Reached skill level 8 in Unarmed Combat
  7391 | D:6      | Found a glowing drain.
  7467 | Sewer    | Entered a sewer
  8266 | D:6      | Upgraded the game from 0.17-a0-957-ga3519be to 0.17-a0-968-gf8e1f1d
  8328 | D:6      | Reached skill level 5 in Transmutations
  8385 | D:6      | Found Jiyti's Antique Weapon Boutique.
  8405 | D:6      | Reached skill level 9 in Unarmed Combat
  8412 | D:6      | Bought a blowgun for 52 gold pieces
  8748 | D:6      | Found Jocix's Gadget Shop.
  8761 | D:6      | Found Resal's Magic Scroll Shoppe.
  9044 | D:7      | Noticed Pikel
  9054 | D:7      | Killed Pikel
  9054 | D:7      | Reached skill level 10 in Unarmed Combat
  9054 | D:7      | Reached XP level 9. HP: 46/54 MP: 10/13
  9327 | D:7      | Noticed Joseph
  9350 | D:7      | Killed Joseph
  9472 | D:7      | Killed Dowan
  9558 | D:7      | Found a shadowy altar of Dithmenos.
 10069 | D:7      | Found a staircase to the Ecumenical Temple.
 10074 | D:7      | Noticed Duvessa
 10788 | D:7      | Killed Duvessa
 10788 | D:7      | Reached skill level 11 in Unarmed Combat
 10809 | Temple   | Entered the Ecumenical Temple
 11038 | D:7      | Found a glowing golden altar of the Shining One.
 12233 | D:8      | Reached XP level 10. HP: 41/60 MP: 10/14
 12604 | D:8      | Found a burning altar of Makhleb.
 12604 | D:8      | Found a sparkling altar of Nemelex Xobeh.
 12605 | D:8      | Found an iron altar of Okawaru.
 12608 | D:8      | Became a worshipper of Makhleb the Destroyer
 12622 | D:8      | Found a radiant altar of Vehumet.
 12671 | D:8      | Reached skill level 5 in Dodging
 13070 | D:9      | Noticed Prince Ribbit
 13079 | D:9      | Killed Prince Ribbit
 13734 | D:9      | Acquired Makhleb's first power
 13826 | D:9      | Reached skill level 12 in Unarmed Combat
 14786 | D:8      | Learned a level 2 spell: Ensorcelled Hibernation
 14792 | D:8      | Learned a level 4 spell: Ice Form
 14807 | D:9      | Killed an unseen horror
 15199 | D:9      | Found a staircase to the Orcish Mines.
 15501 | D:9      | Acquired Makhleb's second power
 15560 | D:9      | Noticed Psyche
 15563 | D:9      | Paralysed by Psyche for 5 turns
 15577 | D:9      | Killed Psyche
 15724 | D:9      | Reached skill level 1 in Throwing
 16172 | D:9      | Reached XP level 11. HP: 64/66 MP: 18/18
 16241 | D:10     | Entered Level 10 of the Dungeon
 16252 | D:10     | Noticed a hill giant
 16292 | D:10     | Killed a hill giant
 16292 | D:10     | Reached skill level 5 in Spellcasting
 16549 | D:10     | Reached skill level 13 in Unarmed Combat
 16924 | D:10     | Acquired Makhleb's third power
 17161 | D:10     | Noticed a hill giant
 17196 | D:10     | Killed a hill giant
 17212 | D:10     | Found a staircase to the Lair.
 17496 | D:10     | Learned a level 5 spell: Blade Hands
 17855 | D:10     | Noticed a hill giant
 17871 | D:10     | Killed a hill giant
 17952 | D:10     | Reached skill level 1 in Invocations
 18088 | D:11     | Acquired Makhleb's fourth power
 18119 | D:11     | Slain by an unseen horror

Action                   |  1- 3 |  4- 6 |  7- 9 | 10-12 || total
-------------------------+-------+-------+-------+-------++-------
Melee: Unarmed           |    70 |   197 |   348 |   331 ||   946
       Whip              |     5 |     5 |       |       ||    10
       Dagger            |       |       |    24 |       ||    24
 Fire: Blowgun           |       |       |     7 |    32 ||    39
Throw: Stone             |       |    24 |    10 |       ||    34
 Cast: Beastly Appendage |     3 |     4 |     5 |       ||    12
       Spider Form       |     1 |     7 |    23 |    18 ||    49
       Sticks to Snakes  |       |       |       |    20 ||    20
       Ensorcelled Hiber |       |       |       |     1 ||     1
       Corona            |       |       |       |     1 ||     1
       Blade Hands       |       |       |       |     1 ||     1
       Ice Form          |       |       |       |     1 ||     1
  Use: Scroll            |       |     8 |    11 |     2 ||    21
       Potion            |       |       |     5 |     4 ||     9
 Stab: Sleeping          |     4 |     7 |    14 |     9 ||    34
       Distracted        |       |     1 |     1 |     2 ||     4
  Eat: Chunk             |     2 |    12 |    20 |    13 ||    47
       Fruit             |       |     1 |     6 |     3 ||    10
       Royal jelly       |       |       |       |     3 ||     3
